Map: Frost LE

Players

Nytram

  • Race: Terran Terran
  • League: Gold
  • Spawn Location: 5:00

Fropez - Winner!

  • Race: Protoss Protoss
  • League: Gold
  • Spawn Location: 7:00

VOD

Have the link to the VOD?

Description

Time

  • Played on: Nov. 6, 2016, 10:03 a.m.
  • Length: 11:55
Show
View Real Time Build Order
Export as new Build Order

Nytram Terran 

Build Orders: MMM Bio 

Get SALT Encoding   

  12  0:01  SCV  
  13  0:13  SCV  
  14  0:20  Supply Depot  
  14  0:25  SCV  
  15  0:42  SCV  
  16  0:44  Barracks  
  16  0:49  Refinery  
  16  0:54  SCV  
  17  1:00  Supply Depot  
  17  1:06  SCV  
  18  1:18  SCV  
  19  1:22  Refinery  
  19  1:30  SCV  
  20  1:34  Barracks  
  20  1:46  Marine  
  21  1:48  Orbital Command  
  21  2:04  Marine  
  22  2:18  Factory  
  22  2:23  SCV  
  22  2:26  Barracks Tech Lab  
  23  2:35  Marine, SCV  
  25  2:42  Engineering Bay  
  25  2:44  Marine  
  25  2:47  Stimpack  
  25  2:49  SCV  
  27  2:58  Marine  
  27  2:59  Supply Depot  
  27  3:02  Marine  
  27  3:03  Factory Tech Lab  
  29  3:14  SCV  
  29  3:16  Marine  
  31  3:21  Marauder  
  31  3:25  Supply Depot  
  33  3:29  Terran Infantry Weapons Level 1  
  33  3:37  Siege Tank  
  35  3:56  Missile Turret  
  35  4:01  Marine  
  35  4:02  Starport, Marauder  
  38  4:07  SCV  
  40  4:27  Barracks  
  39  4:33  SCV  
  39  4:34  Barracks Reactor  
  40  4:40  Supply Depot  
  40  4:43  Medivac  
  40  4:44  Armory  
  42  4:45  Siege Tank  
  45  4:59  SCV  
  46  5:02  Marauder  
  48  5:13  Supply Depot  
  48  5:17  Combat Shields  
  48  5:20  Barracks Tech Lab  
  48  5:27  Medivac  
  50  5:58  Marine x2, Marauder x2  
  56  6:06  Supply Depot  
  56  6:15  Marine  
  56  6:16  Marine  
  58  6:20  Marauder x2  
  58  6:24  Command Center  
  37  7:21  Marine x2  
  37  7:22  Marauder  
  36  7:25  Marine  
  36  7:39  Marine x2  
  36  7:43  Marine, Marauder  
  37  7:51  Terran Infantry Armor Level 1  
  35  7:54  Medivac  
  35  7:57  Marine x2  
  39  8:01  Marauder  
  39  8:05  Marauder  
  43  8:15  Marine x2  
  45  8:23  Marauder  
  45  8:26  Marauder  
  49  8:28  Bunker  
  49  8:31  Bunker  
  49  8:32  Marine  
  46  8:44  Marauder  
  46  8:48  Marauder  
  46  8:54  Marine x2  
  47  9:05  Marauder  
  47  9:09  Marauder  
  51  9:12  Marine x2  
  51  9:13  Medivac  
  55  9:23  Engineering Bay  
  55  9:27  Marauder  
  55  9:29  Marine  
  55  9:30  Marine, Planetary Fortress, Marauder  
  61  9:43  Medivac  
  63  9:47  Marine  
  63  9:48  Marauder  
  63  9:52  Marauder  
  55  10:10  Marauder  
  55  10:27  SCV  
  56  10:30  SCV  
  57  10:39  SCV  
  20  11:06  Marine x2, Marauder  
  20  11:07  Marauder  
  24  11:23  Marine  
  21  11:33  Marine  
  21  11:34  Marauder  
Show
View Real Time Build Order
Export as new Build Order

Fropez Protoss - Winner!

Build Orders: 1 Gate Expand 

Get SALT Encoding   

  12  0:01  Probe (Chrono Boost)  
  13  0:14  Pylon  
  13  0:17  Probe (Chrono Boost)  
  14  0:27  Probe (Chrono Boost)  
  15  0:38  Probe (Chrono Boost)  
  15  0:39  Gateway  
  16  0:45  Assimilator  
  16  0:50  Probe (Chrono Boost)  
  17  1:01  Probe (Chrono Boost)  
  18  1:23  Nexus  
  18  1:39  Pylon  
  18  1:44  Probe (Chrono Boost), Assimilator  
  19  1:56  Cybernetics Core  
  19  1:57  Probe (Chrono Boost)  
  20  2:07  Probe (Chrono Boost)  
  21  2:14  Gateway  
  21  2:28  Probe (Chrono Boost)  
  22  2:35  Stalker  
  25  2:44  Probe (Chrono Boost)  
  25  2:45  Pylon  
  25  2:47  Probe (Chrono Boost)  
  26  2:53  Warp Gate (Chrono Boost)  
  26  2:55  Mothership Core  
  28  3:04  Pylon, Probe  
  31  3:17  Stalker  
  31  3:20  Stalker  
  33  3:31  Probe  
  34  3:45  Probe x2  
  36  3:48  Twilight Council  
  36  3:54  Pylon  
  36  3:55  Pylon  
  36  3:58  Probe  
  36  4:00  Probe  
  38  4:04  Pylon  
  38  4:08  Stalker  
  40  4:10  Probe  
  40  4:11  Probe  
  40  4:16  Stalker  
  44  4:23  Blink (Chrono Boost)  
  44  4:24  Probe  
  44  4:29  Probe  
  45  4:34  Assimilator  
  45  4:36  Probe  
  46  4:44  Probe  
  46  4:49  Probe  
  48  4:55  Probe, Robotics Facility  
  49  5:04  Probe  
  49  5:06  Gateway  
  50  5:07  Probe  
  50  5:08  Gateway  
  50  5:10  Pylon  
  51  5:16  Adept, Probe  
  51  5:18  Probe  
  51  5:20  Adept  
  57  5:28  Probe  
  58  5:33  Assimilator  
  58  5:42  Forge  
  58  5:44  Warp Prism (Chrono Boost), Pylon  
  60  5:56  Probe  
  61  5:57  Probe  
  62  6:10  Stalker x3  
  68  6:13  Stalker  
  68  6:17  Immortal (Chrono Boost)  
  74  6:20  Probe  
  74  6:23  Probe  
  74  6:25  Resonating Glaives  
  70  6:34  Adept  
  70  6:35  Adept x2  
  70  6:36  Adept  
  70  6:39  Protoss Ground Weapons Level 1 (Chrono Boost)  
  76  6:44  Probe  
  68  7:22  Probe x2  
  70  7:29  Adept x4  
  78  7:40  Probe  
  78  7:41  Probe  
  78  7:43  Immortal  
  82  7:46  Gateway  
  82  7:49  Gateway  
  76  7:57  Stalker x2  
  76  7:58  Stalker x2  
  84  8:06  Probe x2  
  86  8:18  Probe x2  
  86  8:19  Nexus  
  88  8:24  Pylon  
  88  8:25  Pylon  
  88  8:26  Pylon  
  88  8:30  Probe x2  
  86  8:37  Adept x3  
  86  8:38  Adept  
  76  9:01  Protoss Ground Armor Level 1 (Chrono Boost)  
  76  9:02  Immortal (Chrono Boost)  
  78  9:06  Adept x3  
  78  9:07  Adept x3  
  90  9:28  Probe  
  90  9:29  Probe  
  92  9:50  Assimilator  
  92  9:53  Assimilator  
  92  9:54  Photon Cannon  
  92  9:57  Photon Cannon  
  92  10:00  Photon Cannon  
  80  10:16  Stalker x4  
  80  10:17  Stalker x2  
  92  10:27  Gateway  
  80  10:58  Adept x6  
  92  11:20  Adept x2  
  92  11:21  Adept x4  
  104  11:45  Stalker x2  
  104  11:46  Stalker x3  
Tags
 
Composition
MMM Bio
League
GoldGold
Matchup
PvT
Replay Pack
All Mines
Spawn Locations
Close Positions
Add a new tag
Caveats
  • Supply blocks, unpowered buildings, or Contaminate may cause inaccurate times.
  • Supply counts are checked every 10 seconds.